[ PARTIDA AOE2 · #489623467 ]
UnrankedJemeres vs Malay
Equipo del jugador · VICT
Equipo rival · DERR
[ ANÁLISIS DE REPETICIÓN · EXTRAÍDO DE LA PARTIDA GRABADA ]
Feudal
8:51
Castillos
23:28
Imperial
—
| APM promedio | 72.8 |
| APM pico | 152 |
| eAPM promedio | 23.4 |
| Aldeanos / militares | 77 / 56 |
Foco
⚔️ 36.2% · 🌾 63.8%
Archer ×44 · Scout Cavalry ×6 · Knight ×4 · Cavalry Archer ×2
Feudal
—
Castillos
—
Imperial
—
| APM promedio | 70.8 |
| APM pico | 119 |
| eAPM promedio | 28.3 |
| Aldeanos / militares | 71 / 58 |
Foco
⚔️ 54.3% · 🌾 45.7%
Archer ×33 · Skirmisher ×11 · Battering Ram ×6 · Militia ×5 · Mangonel ×3
Mapa de la partida
Recursos iniciales + cada clic de construcción. Líneas = muros · curvas = relieve. ◆ oro · ⬟ piedra · ● bayas · ✦ reliquia · ◌ hueco del cierre
Tu base· ✓ Cerrada en 23:28 · 48t muro · 1 puerta(s)
Base de Fabrizio 094455· Abierta — el rival se encerró
Terreno inicial suavizado · ◌ = hueco del cierre detectado · pasá el cursor para detalles
Inputs por minuto
— [DDocs] Dr.Elektrostuhl - - Fabrizio 094455
Build order — [DDocs] Dr.Elektrostuhl
Primeras 150 de 217 acciones detectadas
| 0:01 | Crear | Villager (Male) ×4 |
| 0:03 | Construir | House |
| 0:04 | Construir | House |
| 1:24 | Crear | Villager (Male) |
| 1:55 | Construir | Lumber Camp |
| 2:05 | Crear | Villager (Male) |
| 2:06 | Crear | Villager (Male) |
| 2:23 | Crear | Villager (Male) |
| 3:04 | Crear | Villager (Male) |
| 3:05 | Crear | Villager (Male) |
| 3:17 | Crear | Villager (Male) |
| 3:37 | Crear | Villager (Male) |
| 3:37 | Crear | Villager (Male) |
| 3:51 | Construir | House |
| 3:55 | Crear | Villager (Male) |
| 4:36 | Crear | Villager (Male) |
| 4:56 | Crear | Villager (Male) |
| 4:56 | Crear | Villager (Male) |
| 4:56 | Crear | Villager (Male) |
| 5:14 | Construir | Mill |
| 5:54 | Investigar | Loom |
| 6:29 | Investigar | Feudal Age |
| 6:32 | Construir | Lumber Camp |
| 6:58 | Construir | Mining Camp |
| 7:39 | Construir | House |
| 8:20 | Construir | House |
| 8:25 | Crear | Villager (Male) |
| 8:25 | Crear | Villager (Male) |
| 8:25 | Crear | Villager (Male) |
| 8:26 | Crear | Villager (Male) |
| 8:26 | Crear | Villager (Male) |
| 8:51 | Edad | Edad Feudal |
| 8:51 | Construir | House |
| 8:55 | Construir | Archery Range |
| 9:04 | Crear | Villager (Male) |
| 9:17 | Construir | Archery Range |
| 9:29 | Crear | Villager (Male) |
| 9:35 | Construir | House |
| 9:47 | Construir | House |
| 9:52 | Investigar | Double-Bit Axe |
| 9:53 | Crear | Villager (Male) |
| 9:57 | Crear | Villager (Male) |
| 10:05 | Construir | House |
| 10:08 | Construir | House |
| 10:22 | Crear | Archer |
| 10:22 | Crear | Archer |
| 10:22 | Crear | Archer |
| 10:25 | Construir | House |
| 10:54 | Construir | House |
| 11:21 | Crear | Archer |
| 11:24 | Construir | Farm |
| 11:37 | Construir | Palisade Wall |
| 11:39 | Construir | Palisade Wall |
| 11:41 | Construir | Palisade Wall |
| 11:42 | Crear | Villager (Male) |
| 11:44 | Crear | Villager (Male) |
| 12:11 | Crear | Villager (Male) |
| 12:15 | Construir | Farm |
| 12:34 | Crear | Archer |
| 12:35 | Crear | Villager (Male) |
| 12:35 | Crear | Villager (Male) |
| 12:38 | Construir | Farm |
| 12:40 | Construir | Farm |
| 12:43 | Construir | Farm |
| 12:57 | Construir | House |
| 12:59 | Construir | Blacksmith |
| 13:01 | Construir | House |
| 13:04 | Construir | Palisade Wall |
| 13:04 | Crear | Villager (Male) |
| 13:11 | Construir | Palisade Wall |
| 13:12 | Crear | Archer |
| 13:12 | Crear | Archer |
| 13:15 | Crear | Villager (Male) |
| 13:52 | Crear | Archer |
| 14:14 | Crear | Archer |
| 14:16 | Crear | Archer |
| 14:16 | Crear | Villager (Male) |
| 14:16 | Crear | Villager (Male) |
| 14:17 | Crear | Villager (Male) |
| 14:17 | Crear | Villager (Male) |
| 14:22 | Construir | Palisade Wall |
| 14:24 | Crear | Archer |
| 14:32 | Crear | Villager (Male) |
| 14:58 | Crear | Villager (Male) |
| 14:59 | Crear | Archer |
| 15:05 | Crear | Archer |
| 15:16 | Construir | House |
| 15:24 | Construir | Palisade Wall |
| 15:25 | Construir | Palisade Wall |
| 15:26 | Construir | Palisade Wall |
| 15:28 | Crear | Villager (Male) |
| 15:29 | Crear | Archer |
| 15:35 | Investigar | Fletching |
| 15:35 | Crear | Villager (Male) |
| 15:35 | Crear | Villager (Male) |
| 15:36 | Crear | Archer |
| 15:47 | Construir | Stable |
| 15:50 | Construir | Farm |
| 15:55 | Construir | Farm |
| 16:07 | Crear | Archer |
| 16:08 | Crear | Villager (Male) |
| 16:14 | Construir | Farm |
| 16:16 | Construir | Farm |
| 16:19 | Construir | Farm |
| 16:26 | Crear | Archer |
| 16:26 | Crear | Archer |
| 17:30 | Crear | Villager (Male) |
| 17:30 | Crear | Villager (Male) |
| 17:33 | Construir | Stable |
| 17:54 | Crear | Archer |
| 17:54 | Crear | Archer |
| 18:05 | Construir | Palisade Gate |
| 18:10 | Crear | Villager (Male) |
| 18:10 | Crear | Villager (Male) |
| 18:11 | Crear | Villager (Male) |
| 18:13 | Investigar | Horse Collar |
| 18:37 | Construir | Farm |
| 18:51 | Crear | Scout Cavalry |
| 18:51 | Crear | Scout Cavalry |
| 18:51 | Crear | Scout Cavalry |
| 18:58 | Construir | Farm |
| 19:11 | Crear | Scout Cavalry |
| 19:11 | Crear | Scout Cavalry |
| 19:14 | Construir | House |
| 19:18 | Construir | House |
| 19:19 | Crear | Archer |
| 19:22 | Crear | Archer |
| 19:27 | Crear | Archer |
| 19:44 | Crear | Archer |
| 19:45 | Crear | Archer |
| 19:46 | Crear | Villager (Male) |
| 19:46 | Crear | Villager (Male) |
| 19:47 | Crear | Villager (Male) |
| 19:47 | Crear | Villager (Male) |
| 19:49 | Construir | Farm |
| 20:05 | Construir | Farm |
| 20:11 | Crear | Scout Cavalry |
| 20:20 | Crear | Archer |
| 20:48 | Investigar | Castle Age |
| 20:51 | Construir | Farm |
| 20:51 | Construir | Farm |
| 20:51 | Construir | Farm |
| 20:51 | Construir | Farm |
| 20:51 | Construir | Farm |
| 20:52 | Construir | Farm |
| 20:52 | Construir | Farm |
| 20:52 | Construir | Farm |
| 21:09 | Crear | Archer |
| 21:10 | Crear | Archer |
| 21:12 | Investigar | Scale Barding Armor |
Build order — Fabrizio 094455
Primeras 150 de 203 acciones detectadas
| 0:01 | Crear | Villager (Male) |
| 0:01 | Crear | Villager (Male) |
| 0:01 | Crear | Villager (Male) |
| 0:02 | Construir | House |
| 0:04 | Construir | House |
| 0:05 | Crear | Villager (Male) |
| 1:23 | Crear | Villager (Male) |
| 1:23 | Crear | Villager (Male) |
| 1:49 | Crear | Villager (Male) |
| 1:49 | Crear | Villager (Male) |
| 2:14 | Crear | Villager (Male) |
| 2:14 | Crear | Villager (Male) |
| 2:33 | Crear | Villager (Male) |
| 3:09 | Construir | Lumber Camp |
| 3:20 | Crear | Villager (Male) |
| 3:21 | Crear | Villager (Male) |
| 3:21 | Crear | Villager (Male) |
| 4:01 | Construir | House |
| 4:20 | Crear | Villager (Male) |
| 4:49 | Crear | Villager (Male) |
| 4:51 | Crear | Villager (Male) |
| 4:55 | Crear | Villager (Male) |
| 4:55 | Crear | Villager (Male) |
| 5:19 | Construir | House |
| 5:46 | Construir | Barracks |
| 6:08 | Crear | Villager (Male) |
| 6:28 | Crear | Villager (Male) |
| 6:33 | Investigar | Loom |
| 6:50 | Construir | House |
| 7:27 | Investigar | Feudal Age |
| 7:27 | Investigar | Feudal Age |
| 7:40 | Construir | Mining Camp |
| 7:45 | Crear | Militia |
| 7:45 | Crear | Militia |
| 7:45 | Crear | Militia |
| 8:21 | Construir | Mill |
| 8:27 | Crear | Militia |
| 8:27 | Crear | Militia |
| 8:58 | Crear | Villager (Male) |
| 9:00 | Construir | Lumber Camp |
| 9:32 | Construir | Palisade Wall |
| 9:37 | Crear | Villager (Male) |
| 9:41 | Investigar | Man-at-Arms (upgrade) |
| 9:45 | Crear | Villager (Male) |
| 9:56 | Crear | Villager (Male) |
| 10:17 | Crear | Villager (Male) |
| 10:37 | Crear | Villager (Male) |
| 10:43 | Construir | Archery Range |
| 11:13 | Construir | Farm |
| 11:14 | Construir | Farm |
| 11:16 | Construir | Farm |
| 11:18 | Construir | Farm |
| 11:34 | Crear | Skirmisher |
| 11:35 | Crear | Skirmisher |
| 11:37 | Construir | Palisade Wall |
| 11:42 | Construir | Blacksmith |
| 11:48 | Crear | Villager (Male) |
| 12:07 | Construir | House |
| 12:15 | Construir | Farm |
| 12:21 | Crear | Skirmisher |
| 12:31 | Construir | House |
| 12:33 | Construir | House |
| 12:39 | Construir | Farm |
| 12:45 | Crear | Skirmisher |
| 12:45 | Crear | Villager (Male) |
| 12:54 | Construir | House |
| 12:55 | Construir | House |
| 12:56 | Construir | Palisade Wall |
| 12:58 | Construir | Palisade Wall |
| 13:05 | Construir | Farm |
| 13:17 | Crear | Skirmisher |
| 13:41 | Crear | Skirmisher |
| 13:41 | Crear | Villager (Male) |
| 13:47 | Construir | Palisade Wall |
| 13:49 | Crear | Villager (Male) |
| 14:14 | Crear | Skirmisher |
| 14:15 | Crear | Villager (Male) |
| 14:16 | Construir | Farm |
| 14:22 | Construir | Farm |
| 14:23 | Construir | Farm |
| 14:25 | Construir | Farm |
| 14:29 | Crear | Skirmisher |
| 14:39 | Construir | Farm |
| 14:45 | Crear | Skirmisher |
| 14:46 | Crear | Villager (Male) |
| 14:48 | Construir | Farm |
| 14:56 | Construir | Farm |
| 15:08 | Crear | Villager (Male) |
| 15:11 | Construir | House |
| 15:14 | Construir | Palisade Wall |
| 15:16 | Crear | Skirmisher |
| 15:29 | Crear | Villager (Male) |
| 16:00 | Investigar | Double-Bit Axe |
| 16:01 | Investigar | Double-Bit Axe |
| 16:07 | Crear | Skirmisher |
| 16:09 | Crear | Villager (Male) |
| 16:27 | Construir | Market |
| 16:34 | Investigar | Fletching |
| 16:34 | Investigar | Fletching |
| 16:38 | Construir | House |
| 17:11 | Crear | Villager (Male) |
| 17:32 | Crear | Villager (Male) |
| 17:39 | Crear | Villager (Male) |
| 17:57 | Crear | Archer |
| 17:58 | Crear | Archer |
| 18:18 | Crear | Villager (Male) |
| 18:24 | Construir | Archery Range |
| 18:34 | Crear | Archer |
| 18:36 | Construir | Palisade Wall |
| 18:39 | Construir | Palisade Wall |
| 18:46 | Crear | Villager (Male) |
| 18:55 | Investigar | Castle Age |
| 18:56 | Investigar | Castle Age |
| 19:31 | Crear | Archer |
| 19:31 | Crear | Archer |
| 19:39 | Investigar | Horse Collar |
| 19:39 | Investigar | Horse Collar |
| 19:56 | Crear | Archer |
| 19:56 | Crear | Archer |
| 20:11 | Crear | Archer |
| 20:26 | Crear | Archer |
| 20:56 | Investigar | Crossbowman (upgrade) |
| 20:56 | Investigar | Crossbowman (upgrade) |
| 20:56 | Investigar | Bodkin Arrow |
| 21:45 | Crear | Villager (Male) |
| 21:50 | Crear | Archer |
| 21:50 | Crear | Archer |
| 21:50 | Crear | Villager (Male) |
| 22:04 | Crear | Archer |
| 22:04 | Crear | Archer |
| 22:06 | Crear | Villager (Male) |
| 22:32 | Crear | Villager (Male) |
| 22:49 | Crear | Archer |
| 22:49 | Crear | Archer |
| 22:58 | Crear | Archer |
| 22:58 | Crear | Archer |
| 23:00 | Construir | Lumber Camp |
| 23:02 | Crear | Villager (Male) |
| 23:02 | Crear | Villager (Male) |
| 23:10 | Crear | Archer |
| 23:11 | Crear | Villager (Male) |
| 23:30 | Construir | Farm |
| 23:44 | Crear | Villager (Male) |
| 23:44 | Crear | Villager (Male) |
| 23:47 | Crear | Archer |
| 23:47 | Crear | Archer |
| 23:47 | Crear | Villager (Male) |
| 23:51 | Crear | Villager (Male) |
| 23:51 | Crear | Villager (Male) |
| 24:05 | Investigar | Bodkin Arrow |
Cronología de la partida
| 5:46 | Fabrizio 094455 · first_building Barracks |
| 8:51 | [DDocs] Dr.Elektrostuhl · age_up feudal |
| 8:55 | [DDocs] Dr.Elektrostuhl · first_building Archery Range |
| 9:32 | Fabrizio 094455 · wall_segment Palisade Wall x1 |
| 10:43 | Fabrizio 094455 · first_building Archery Range |
| 11:37 | Fabrizio 094455 · wall_segment Palisade Wall x5 |
| 11:37 | [DDocs] Dr.Elektrostuhl · wall_segment Palisade Wall x1 |
| 11:39 | [DDocs] Dr.Elektrostuhl · wall_segment Palisade Wall x1 |
| 11:41 | [DDocs] Dr.Elektrostuhl · wall_segment Palisade Wall x1 |
| 12:56 | Fabrizio 094455 · wall_segment Palisade Wall x2 |
| 12:58 | Fabrizio 094455 · wall_segment Palisade Wall x2 |
| 13:04 | [DDocs] Dr.Elektrostuhl · wall_segment Palisade Wall x11 |
| 13:11 | [DDocs] Dr.Elektrostuhl · wall_segment Palisade Wall x8 |
| 13:47 | Fabrizio 094455 · wall_segment Palisade Wall x14 |
| 14:22 | [DDocs] Dr.Elektrostuhl · wall_segment Palisade Wall x8 |
| 15:14 | Fabrizio 094455 · wall_segment Palisade Wall x6 |
| 15:24 | [DDocs] Dr.Elektrostuhl · wall_segment Palisade Wall x4 |
| 15:25 | [DDocs] Dr.Elektrostuhl · wall_segment Palisade Wall x16 |
| 15:26 | [DDocs] Dr.Elektrostuhl · wall_segment Palisade Wall x1 |
| 15:47 | [DDocs] Dr.Elektrostuhl · first_building Stable |
| 17:45 | Fabrizio 094455 · first_market_sell 500 wood |
| 17:46 | Fabrizio 094455 · first_market_buy 100 food |
| 18:36 | Fabrizio 094455 · wall_segment Palisade Wall x2 |
| 18:39 | Fabrizio 094455 · wall_segment Palisade Wall x4 |
| 23:28 | [DDocs] Dr.Elektrostuhl · age_up castle |
| 24:27 | Fabrizio 094455 · first_building Siege Workshop |
| 29:27 | Fabrizio 094455 · resign |
[ ANÁLISIS IA · 1 CRÉDITO ]
¿Qué pasó realmente en esta partida?
Wolo.gg analiza cada decisión: build order, eco, micro, errores típicos por bracket. Análisis personalizado por WhatsApp o Discord en 30 segundos.
Guía civ
Jemeres
Perfil
[DDocs] Dr.Elektrostuhl